 Dungeon Crawl Stone Soup version 0.26-a0-163-g6c8a0bf695 (webtiles) character file.

Game seed: 15574642541766218046

67 MrRokkomies the Bolt Thrower (level 4, 0/39 HPs)
             Began as a Kobold Arcane Marksman on July 3, 2020.
             Succumbed to an orc's poison
             ... on level 4 of the Dungeon.
             The game lasted 00:03:09 (1126 turns).

MrRokkomies the Bolt Thrower (KoAM)                 Turns: 1126, Time: 00:03:09

Health: 0/39       AC:  4    Str:  8    XL:     4   Next: 38%
Magic:  5/5        EV: 15    Int: 14    God:
Gold:   80         SH:  0    Dex: 15    Spells: 4/5 levels left

rFire    . . .     SeeInvis .   b - +0 whip
rCold    . . .     Faith    .   (shield restricted)
rNeg     . . .     Spirit   .   h - +1 leather armour
rPois    .         Reflect  .   (no helmet)
rElec    .         Harm     .   (no cloak)
rCorr    .                      (no gloves)
MR       .....                  (no boots)
Stlth    ..........             (no amulet)
HPRegen  0.13/turn              (no ring)
MPRegen  0.09/turn              (no ring)

@: berserking (expiring), lethally poisoned (0 -> -25), very quick
A: small, carnivore
a: no special abilities


You were on level 4 of the Dungeon.
You were completely stuffed.

You visited 1 branch of the dungeon, and saw 3 of its levels.

You collected 80 gold pieces.

Inventory:

Hand Weapons
 a - a +0 hand crossbow
 b - a +0 whip (weapon)
Missiles
 d - 34 bolts
Armour
 h - a +1 leather armour (worn)
Scrolls
 e - 2 scrolls of remove curse
Potions
 i - 2 potions of flight
 l - a potion of heal wounds {unknown}
Comestibles
 f - 2 rations
 g - 2 chunks of flesh


   Skills:
 + Level 1.9 Fighting
 * Level 3.6 Crossbows
 * Level 3.5 Dodging
 - Level 1.1 Spellcasting
 + Level 3.4 Hexes


You had 4 spell levels left.
You knew the following spells:

 Your Spells              Type           Power        Failure   Level  Hunger
a - Corona                Hex            ##.....      10%         1    ##.....

Your spell library contained the following spells:

 Spells                   Type           Power        Failure   Level  Hunger
 Slow                     Hex            ##......     14%         2    ###....
 Inner Flame              Hex/Fire       #.......     50%         3    ####...
 Portal Projectile        Hex/Tloc       #.....       50%         3    ####...
 Cause Fear               Hex            ##........   67%         4    #####..
 Leda's Liquefaction      Hex/Erth       #.........   88%         4    #####..


Dungeon Overview and Level Annotations

Branches:
Dungeon (2/15)

Altars:
Wu Jian


Innate Abilities, Weirdness & Mutations

You are small and have problems with some larger weapons.
You are carnivorous and can eat meat at any time.


Message History

The orc is heavily wounded.
* * * LOW HITPOINT WARNING * * *
You feel sick. The orc misses you. The orc closely misses you.
You barely miss the orc.
The orc is heavily wounded.
* * * LOW HITPOINT WARNING * * *
You feel sick.
You hit the orc.
You kill the orc!
* * * LOW HITPOINT WARNING * * *
You feel sick. The orc barely misses you.
* * * LOW HITPOINT WARNING * * *
You feel sick.
The orc hits you with a +0 trident of venom.
* * * LOW HITPOINT WARNING * * *
You are more poisoned.
Items here: ( )) [[ †† You whack the orc!
You kill the orc!
You die...

(. ... .. ...
.###.# ....# ...#
........#
.#.#.#.#.....#.#
...#.#.#......#.#
.#.#.#.#.......#@#
#.......#......#)#
........+...w..#w#
#..............#.#
...#.....#'#.o...#
(...#.#..'_'o....#
...#.#...#'#.....#
.............#...#
.............÷...#


You could see a worm.

Vanquished Creatures
  A hound (D:4)
  An adder (D:2)
  A worm (D:2)
  A dart slug (D:1)
  4 orcs (D:4)
  A giant cockroach (D:1)
  A goblin (D:1)
  4 hobgoblins
  A quokka (D:2)
  2 bats (D:1)
  A frilled lizard (D:1)
  3 kobolds
  A rat (D:1)
22 creatures vanquished.

Notes
Turn   | Place    | Note
-------+----------+-------------------------------------------
     0 | D:1      | MrRokkomies the Kobold Arcane Marksman began the quest for
                  | the Orb.
     0 | D:1      | Reached XP level 1. HP: 12/12 MP: 2/2
   190 | D:1      | Reached XP level 2. HP: 16/16 MP: 3/3
   829 | D:2      | Reached XP level 3. HP: 10/20 MP: 4/4
  1069 | D:2      | You fall into a shaft and drop 2 floors!
  1073 | D:4      | Reached XP level 4. HP: 26/26 MP: 5/5
  1096 | D:4      | Found an ornate altar of the Wu Jian Council.
  1125 | D:4      | HP: 1/39 [orc/+0 trident of venom (3)]
  1126 | D:4      | Succumbed to an orc's poison

Illustrated notes

Levels and vault maps discovered:
D:1:      minmay_arrival_arboretum_small, layout_basic, minmay_pentomino_o2
D:2:      layout_loops_ring, gammafunk_temple_overflow_statue
D:4:      layout_basic, kennysheep_mini_moat, first_ration

Skill      XL: |  1  2 |
---------------+-------+-----
Crossbows      | 3 |  3.6
Dodging        | 3 |  3.5
Fighting       | |  1.9
Spellcasting   | |  1.1
Hexes          | |  3.4

Action                   |  1- 3 |  4- 6 || total
-------------------------+-------+-------++-------
Melee: Whip              |    29 |     7 ||    36
 Fire: Hand crossbow     |    34 |     6 ||    40
  Use: Scroll            |     4 |       ||     4
       Potion            |       |     1 ||     1
 Stab: Sleeping          |     1 |       ||     1
  Eat: Chunk             |     9 |       ||     9
Armor: Leather armour    |    10 |     2 ||    12
Dodge: Dodged            |    39 |    16 ||    55

Table legend:
 A = Non-vault XP
 B = Vault XP
 C = Vault XP percentage of total XP
 D = Non-vault monster count
 E = Vault monster count
 F = Vault count percentage of total count
                 A         B        C        D         E       F
            +---------+---------+-------+---------+---------+-------
      Total |      93 |       3 |   3.1 |      20 |       2 |   9.1
            +---------+---------+-------+---------+---------+-------
        D:1 |      18 |       3 |  14.3 |      10 |       2 |  16.7
        D:2 |      23 |       0 |   0.0 |       5 |       0 |   0.0
        D:4 |      52 |       0 |   0.0 |       5 |       0 |   0.0
            +---------+---------+-------+---------+---------+-------
